[gd_scene load_steps=7 format=3 uid="uid://qd15od2ol25p"]

[ext_resource type="Script" path="res://UI/score.gd" id="1_3ei8r"]
[ext_resource type="FontVariation" uid="uid://xikekqqx1fi3" path="res://assets/font/number/number_font.tres" id="2_qcrov"]
[ext_resource type="Script" path="res://util/signal_bus_receiver.gd" id="2_qek0l"]
[ext_resource type="Texture2D" uid="uid://bcfkw4ijbm8ep" path="res://assets/score_screen/low_score.png" id="2_y5cwa"]
[ext_resource type="Texture2D" uid="uid://bjxmidokm0dft" path="res://assets/score_screen/high_score.png" id="3_d5qfh"]

[sub_resource type="StyleBoxFlat" id="StyleBoxFlat_i4ut8"]
content_margin_left = 150.0
content_margin_top = 70.0
content_margin_right = 150.0
content_margin_bottom = 70.0
bg_color = Color(0.407843, 0.219608, 0.32549, 0.678431)
corner_radius_top_left = 10
corner_radius_top_right = 10
corner_radius_bottom_right = 10
corner_radius_bottom_left = 10

[node name="Score" type="Control"]
layout_mode = 3
anchors_preset = 15
anchor_right = 1.0
anchor_bottom = 1.0
grow_horizontal = 2
grow_vertical = 2
script = ExtResource("1_3ei8r")

[node name="PanelContainer" type="PanelContainer" parent="."]
layout_mode = 1
anchors_preset = 15
anchor_right = 1.0
anchor_bottom = 1.0
grow_horizontal = 2
grow_vertical = 2

[node name="BadEnding" type="TextureRect" parent="PanelContainer"]
unique_name_in_owner = true
visible = false
layout_mode = 2
texture = ExtResource("2_y5cwa")

[node name="GoodEnding" type="TextureRect" parent="PanelContainer"]
unique_name_in_owner = true
visible = false
layout_mode = 2
texture = ExtResource("3_d5qfh")

[node name="MarginContainer" type="MarginContainer" parent="PanelContainer"]
layout_mode = 2

[node name="Overlay2" type="PanelContainer" parent="PanelContainer/MarginContainer"]
custom_minimum_size = Vector2(500, 0)
layout_mode = 2
size_flags_horizontal = 4
size_flags_vertical = 4
theme_override_styles/panel = SubResource("StyleBoxFlat_i4ut8")

[node name="VBoxContainer" type="VBoxContainer" parent="PanelContainer/MarginContainer/Overlay2"]
layout_mode = 2
alignment = 1

[node name="Label" type="Label" parent="PanelContainer/MarginContainer/Overlay2/VBoxContainer"]
layout_mode = 2
theme_override_font_sizes/font_size = 80
text = "your score:"
horizontal_alignment = 1

[node name="ScoreLabel" type="Label" parent="PanelContainer/MarginContainer/Overlay2/VBoxContainer"]
unique_name_in_owner = true
layout_mode = 2
theme_override_fonts/font = ExtResource("2_qcrov")
theme_override_font_sizes/font_size = 80
text = "LMFAO"
horizontal_alignment = 1

[node name="MainMenu" type="Button" parent="PanelContainer/MarginContainer/Overlay2/VBoxContainer"]
layout_mode = 2
size_flags_horizontal = 4
text = "try again"

[node name="Quit" type="Button" parent="PanelContainer/MarginContainer/Overlay2/VBoxContainer"]
layout_mode = 2
size_flags_horizontal = 4
text = "quit"

[node name="SignalBusReceiver" type="Node" parent="."]
script = ExtResource("2_qek0l")

[connection signal="pressed" from="PanelContainer/MarginContainer/Overlay2/VBoxContainer/MainMenu" to="." method="_on_main_menu_pressed"]
[connection signal="pressed" from="PanelContainer/MarginContainer/Overlay2/VBoxContainer/Quit" to="." method="_on_quit_pressed"]
